 Dungeon Crawl Stone Soup version 0.28-a0-1624-g820543e53a (webtiles) character file.

Game seed: 3886144267476368137

7702 issech the Cleaver (level 11, 0/96 HPs)
             Began as a Troll Monk on Jan 23, 2022.
             Was a High Priest of Hepliaklqana.
             Slain by a water elemental (15 damage)
             ... on level 1 of the Shoals.
             The game lasted 00:51:16 (10948 turns).

issech the Cleaver (Troll Monk)                    Turns: 10948, Time: 00:51:16

Health: 0/96       AC:  4    Str: 24    XL:     11   Next: 0%
Magic:  0/10       EV: 13    Int:  6    God:    Hepliaklqana [*****.]
Gold:   525        SH:  0    Dex: 16    Spells: 10/10 levels left

rFire   . . .      SeeInvis .   d - +8 hand axe "Nixkilydgh" {drain, rN+ Str+3}
rCold   . . .      Faith    .   F - orb {light}
rNeg    + . .      Spirit   +   w - +0 animal skin
rPois   .          Reflect  .   (helmet restricted)
rElec   .          Harm     .   Q - scarf {shadows}
rCorr   .          Rampage  .   (gloves unavailable)
Will    .....                   (boots unavailable)
Stlth   +.........              u - amulet of guardian spirit
HPRegen 1.06/turn               o - +4 ring of slaying
MPRegen 0.12/turn               f - ring of wizardry

@: engulfed (cannot breathe), mesmerised, glowing
A: reduced essence, large, unfitting armour, claws 3, regeneration 1, shaggy fur
1, tough skin 1
a: Renounce Religion, Recall Ancestor, Ancestor Identity, Transference, Idealise


You were on level 1 of the Shoals.
You worshipped Hepliaklqana.
Hepliaklqana was extremely pleased with you.
You visited 4 branches of the dungeon, and saw 12 of its levels.
You also visited: Sewer and Ossuary.

You collected 525 gold pieces.

Inventory:

Hand Weapons
 a - a +1 mace
 d - the +8 hand axe "Nixkilydgh" (weapon) {drain, rN+ Str+3}
   (You found it on level 3 of the Dungeon)

   A truly terrible weapon, it drains the life of any living foe it strikes.
   Str:       It affects your strength (+3).
   rN:        It protects you from negative energy.
 j - a +0 dagger of electrocution
 y - a +0 hand crossbow
 E - a +4 shortbow
 G - a +3 dagger of freezing
 I - a +2 flail of protection
 U - a +5 scimitar
Missiles
 h - 2 curare-tipped darts
 k - 14 poisoned darts
 l - 78 bolts
 p - 150 stones (quivered)
 t - 163 arrows
 v - 4 boomerangs
 C - 109 sling bullets
 K - 6 datura-tipped darts
 P - 3 atropa-tipped darts
 X - 5 javelins
Armour
 w - a +0 animal skin (worn)
 F - an orb of light (worn)
 Q - a scarf of shadows (worn)
Magical Staves
 i - a staff of poison
Jewellery
 f - a ring of wizardry (right claw)
 o - a +4 ring of slaying (left claw)
 q - a ring of positive energy
 u - an amulet of guardian spirit (around neck)
 J - a ring of ice
 L - a ring of wizardry
 O - a ring of fire
 T - an amulet of faith
Wands
 b - a wand of flame (21)
 D - a wand of iceblast (13)
 H - a wand of paralysis (5)
 M - a wand of digging (1)
 V - a wand of charming (7)
Scrolls
 r - 3 scrolls of enchant weapon
 R - a scroll of holy word
 S - 5 scrolls of magic mapping
 Z - a scroll of amnesia
Potions
 c - 5 potions of curing
 e - 2 potions of cancellation
 g - 3 potions of might
 m - 3 potions of flight
 n - 2 potions of ambrosia
 s - 3 potions of lignification
 x - 5 potions of haste
 z - 2 potions of brilliance
 A - 2 potions of invisibility {unknown}
 B - 2 potions of heal wounds
 N - a potion of attraction {unknown}
 W - a potion of resistance {unknown}


   Skills:
 + Level 6.7 Fighting
 + Level 9.7(10.2) Axes
 + Level 5.2(8.6) Maces & Flails
 + Level 0.6 Throwing
 + Level 6.4 Dodging
 + Level 3.1 Stealth


You had 10 spell levels left.
You didn't know any spells.
Your spell library contained the following spells:

 Spells                   Type           Power      Damage    Failure   Level
 Sandblast                Erth           0%         2d4       21%         1
 Slow                     Hex            0%         N/A       21%         1
 Sting                    Tmut/Pois      0%         1d3       21%         1
 Passwall                 Tmut/Erth      0%         N/A       28%         2
 Poisonous Vapours        Pois/Air       0%         N/A       28%         2
 Confusing Touch          Hex            0%         N/A       50%         3
 Dazzling Flash           Conj/Hex       0%         N/A       50%         3
 Gell's Gravitas          Tloc           0%         N/A       50%         3
 Stone Arrow              Conj/Erth      0%         3d7       50%         3
 Teleport Other           Tloc           0%         N/A       50%         3
 Vampiric Draining        Necr           0%         2d6       50%         3
 Iskenderun's Mystic Bla  Conj/Tloc      0%         2d3       86%         4
 Olgreb's Toxic Radiance  Pois           0%         N/A       86%         4
 Fireball                 Conj/Fire      0%         3d3       99%         5
 Iskenderun's Battlesphe  Conj           0%         2d6       99%         5
 Conjure Ball Lightning   Conj/Air       0%         3x3d6     100%        6
 Dispersal                Tloc           0%         N/A       100%        6
 Starburst                Conj/Fire      0%         6d3       100%        6
 Orb of Destruction       Conj           0%         9d5       100%        7
 Borgnjor's Revivificati  Necr           0%         N/A       100%        8
 Necromutation            Tmut/Necr      0%         N/A       100%        8
 Death's Door             Necr           0%         N/A       100%        9


Dungeon Overview and Level Annotations

Branches:
Dungeon (8/15)             Temple (1/1) D:4            Lair (2/6) D:8
 Shoals (1/4) Lair:2        Sewer (visited)         Ossuary (visited)
  Snake: Lair:2-4    Spider: Lair:2-4

Altars:
Ashenzari
Cheibriados
Dithmenos
Elyvilon
Fedhas
Gozag
Hepliaklqana
Kikubaaqudgha
Makhleb
Nemelex Xobeh
Okawaru
Qazlal
Ru
Sif Muna
Trog
Uskayaw
Vehumet
Wu Jian
Xom
Yredelemnul
Zin
The Shining One


Innate Abilities, Weirdness & Mutations

Your life essence is reduced to manifest your ancestor. (-10% HP)
You are too large for most types of armour.
You have claws for hands.
Your natural rate of healing is unusually fast.
You are covered in fur. (AC +1)
You have tough skin. (AC +1)


Message History

The stone hits the merfolk avatar.
The merfolk avatar is lightly wounded.
The water elemental hits Thamphthis.
The merfolk avatar chants its luring song.
Throw: 151 stones
Press: ? - help, Q - select action, (/) - cycle Shift-Dir - straight line, f/p - merfolk avatar
Aim: a merfolk avatar (lightly wounded, mesmerising, 61% to hit)
You throw a stone. The stone hits the merfolk avatar.
The merfolk avatar is lightly wounded.
You hear a splash.
The drowned soul returns to the deep!
The pull of its song draws you forwards.
Thamphthis hits the water elemental with a +0 flail!
The water elemental hits Thamphthis.
The merfolk avatar chants its luring song.
Unknown command.
Unknown command.
The pull of its song draws you forwards.
You swap places with Thamphthis.
The water elemental closely misses you.
The merfolk avatar chants its luring song.
The snapping turtle bites you!!
You slice the water elemental!!
The water elemental is severely damaged.
You hit the snapping turtle.
Thamphthis hits the snapping turtle but does no damage.
The merfolk avatar chants its luring song.
The water elemental hits you.
The water elemental engulfs you in water!
The snapping turtle bites you!
* * * LOW HITPOINT WARNING * * *
You hit the water elemental but do no damage.
The water elemental is severely damaged.
You hit the snapping turtle but do no damage.
You drain the snapping turtle.
* * * LOW HITPOINT WARNING * * *
Your lungs strain for air!
The snapping turtle closely misses you.
Thamphthis hits the snapping turtle but does no damage.
The water elemental hits you!
You die...

≈≈≈≈≈≈≈≈≈≈≈≈≈≈≈≈≈≈...
≈≈≈≈≈≈≈≈≈≈≈≈≈≈≈≈≈≈≈≈≈..
≈≈≈≈≈≈≈≈≈≈≈≈≈≈≈≈###.≈≈.#
≈≈≈≈≈≈≈≈≈≈≈≈≈≈≈..#....##
≈≈≈≈≈≈≈≈≈≈≈≈≈≈≈......#.#
≈≈≈≈≈≈≈≈≈≈≈≈≈≈≈≈≈......#
≈≈≈≈≈≈≈≈≈≈≈≈≈≈≈≈≈≈≈.≈..#
≈≈≈≈≈≈≈≈≈≈..≈≈≈≈R≈.≈≈.##
≈≈≈≈≈≈≈≈..#[.≈mt@.#...## .≈
≈≈≈≈≈≈.#####.≈.E#####..####.≈
≈≈≈≈≈≈.# #..≈(##
#.......≈≈≈≈≈
≈≈≈≈...####..≈..#
#.≈.....≈≈≈≈≈
≈≈≈≈.........≈≈.#
#....≈.≈≈≈≈≈≈
≈≈≈≈≈≈≈≈.≈≈≈≈≈...#
##...≈≈≈≈≈≈≈≈
≈≈≈≈≈≈≈≈≈≈≈≈≈≈...#
##...≈≈≈≈≈≈≈≈≈ ≈≈≈≈≈≈≈≈≈≈≈≈≈≈
##....≈≈≈≈≈≈≈≈≈
.≈≈≈≈≈≈≈≈≈≈≈≈≈
#....≈≈≈≈≈≈≈≈≈≈


You could see the friendly Thamphthis the knight, a merfolk avatar
(mesmerising), a snapping turtle (drained) and a water elemental (ally target).

Vanquished Creatures
  A black mamba (Lair:1)
  A cane toad (Lair:2)
  A komodo dragon (Lair:1)
  A snapping turtle (Shoals:1)
  6 yaks
  A wyvern (D:8)
  2 water moccasins
  3 ogres (D:4)
  2 hornet zombies
  An ice beast (D:6)
  A black bear (D:5)
  2 sky beasts
  5 wolves (Lair:1)
  2 centaurs
  Blork the orc (D:6)
  6 bullfrogs
  A water moccasin skeleton (D:4)
  5 wights
  2 howler monkeys (D:8)
  A bullfrog zombie (D:6)
  An orc priest (D:7)
  A gnoll shaman (D:8)
  3 hounds
  A jelly (D:6)
  2 centaur skeletons
  2 iguanas
  An orc wizard (D:7)
  2 hound skeletons (D:4)
  Robin (D:3)
  10 adders
  15 river rats
  11 gnolls
  A howler monkey skeleton (D:7)
  A shadow imp (D:5)
  2 white imps
  An adder skeleton (D:2)
  2 worms
  2 orcs
  A spectral bat (Ossuary)
  18 ball pythons
  10 bats
  3 endoplasms
  4 giant cockroaches
  17 goblins
  6 hobgoblins
  5 jackals (D:1)
  19 kobolds
  3 quokkas
  3 bat simulacra (Ossuary)
  4 frilled lizards
  7 gnoll zombies (Ossuary)
  4 goblin simulacra (Ossuary)
  5 goblin zombies (Ossuary)
  3 hobgoblin zombies (Ossuary)
  A kobold simulacrum (Ossuary)
  A kobold zombie (Ossuary)
  6 orc zombies (Ossuary)
  25 rats
  4 rat simulacra (Ossuary)
  6 spectral goblins (Ossuary)
  3 spectral kobolds (Ossuary)
  3 spectral rats (Ossuary)
  A bush (Lair:2)
  2 butterflies (D:4)
268 creatures vanquished.

Vanquished Creatures (collateral kills)
  A manticore (Shoals:1)
  A polar bear (Lair:1)
  A snapping turtle (Lair:2)
  3 yaks
  A basilisk (Lair:2)
  A water moccasin (Lair:2)
  4 wolves (Lair:1)
  2 bullfrogs
  A wyvern zombie (D:8)
  A gnoll sergeant (D:8)
  A wight (D:6)
  An electric eel (Lair:2)
  2 centaur zombies
  2 jellies
  An orc priest (D:7)
  An orc wizard (D:8)
  An iguana (D:6)
  2 hell rats (Lair:1)
  A mummy (Ossuary)
  2 gnolls (D:8)
  2 river rats (Lair:1)
  An adder (D:6)
  A dart slug (D:4)
  2 orcs (D:8)
  5 gnoll zombies (Ossuary)
  A goblin simulacrum (Ossuary)
  A kobold simulacrum (Ossuary)
  2 kobold zombies (Ossuary)
  An orc zombie (Ossuary)
  A rat simulacrum (Ossuary)
  A spectral goblin (Ossuary)
48 creatures vanquished.

Vanquished Creatures (others)
  7 fungi
  22 plants
29 creatures vanquished.

Grand Total: 345 creatures vanquished

Notes
Turn   | Place    | Note
-------+----------+-------------------------------------------
     0 | D:1      | issech the Troll Monk began the quest for the Orb.
     0 | D:1      | Reached XP level 1. HP: 22/22 MP: 0/0
    93 | D:1      | Reached XP level 2. HP: 27/29 MP: 1/1
   266 | D:1      | Reached XP level 3. HP: 36/36 MP: 2/2
   903 | D:2      | Reached XP level 4. HP: 40/44 MP: 3/3
  1849 | D:3      | Found a glowing drain.
  1860 | D:3      | Noticed Robin
  1897 | D:3      | Killed Robin
  1915 | Sewer    | Entered a sewer
  1931 | Sewer    | Reached XP level 5. HP: 50/50 MP: 4/4
  2809 | D:3      | Identified the +8 hand axe "Nixkilydgh" {drain, rN+ Str+3}
  2953 | D:3      | Reached XP level 6. HP: 56/61 MP: 5/5
  3545 | D:4      | Reached skill level 1 in Axes
  3545 | D:4      | Reached skill level 5 in Maces & Flails
  3626 | D:4      | Reached XP level 7. HP: 67/67 MP: 6/6
  3735 | D:4      | Found a staircase to the Ecumenical Temple.
  3749 | Temple   | Entered the Ecumenical Temple
  4143 | Temple   | Became a worshipper of Hepliaklqana the Forgotten
  4143 | Temple   | Reached * piety under Hepliaklqana
  4143 | Temple   | Reached ** piety under Hepliaklqana
  4147 | Temple   | Remembered your ancestor Thamphthis as a knight
  4295 | D:4      | Reached skill level 2 in Axes
  4397 | D:5      | Entered Level 5 of the Dungeon
  4514 | D:5      | Reached skill level 3 in Axes
  4801 | D:5      | Reached XP level 8. HP: 70/70 MP: 7/7
  5074 | D:6      | Noticed Blork the orc
  5079 | D:6      | Killed Blork the orc
  5106 | D:6      | Reached skill level 4 in Axes
  5122 | D:6      | Found a sand-covered staircase.
  5152 | Ossuary  | Entered an ossuary
  5691 | D:6      | Reached *** piety under Hepliaklqana
  5813 | D:6      | Reached skill level 5 in Axes
  6561 | D:7      | Reached skill level 6 in Axes
  6561 | D:7      | Reached XP level 9. HP: 72/76 MP: 8/8
  6643 | D:7      | Paralysed by an orc wizard for 2 turns
  6923 | D:7      | Reached **** piety under Hepliaklqana
  7283 | D:8      | Found a staircase to the Lair.
  7466 | D:8      | Reached skill level 5 in Dodging
  7705 | D:8      | Reached skill level 7 in Axes
  7818 | D:8      | Reached skill level 5 in Fighting
  8237 | Lair:1   | Entered Level 1 of the Lair of Beasts
  8340 | Lair:1   | Noticed a polar bear
  8357 | Lair:1   | Reached skill level 8 in Axes
  8361 | Lair:1   | Killed a polar bear
  8362 | Lair:1   | Reached XP level 10. HP: 71/86 MP: 7/9
  8404 | Lair:1   | You fall into a shaft and drop 1 floor!
  8781 | Lair:2   | Reached ***** piety under Hepliaklqana
  8999 | Lair:2   | Noticed a cane toad
  9012 | Lair:2   | Killed a cane toad
  9153 | Lair:2   | Reached skill level 9 in Axes
  9273 | Lair:2   | Found a staircase to the Shoals.
  9698 | Lair:1   | Noticed a black mamba
  9704 | Lair:1   | Killed a black mamba
  9849 | Lair:1   | Found a broken altar of Ashenzari.
 10798 | Shoals:1 | Entered Level 1 of the Shoals
 10835 | Shoals:1 | Noticed a manticore
 10844 | Shoals:1 | Killed a manticore
 10845 | Shoals:1 | Reached XP level 11. HP: 83/96 MP: 7/10
 10910 | Shoals:1 | Noticed a merfolk avatar
 10948 | Shoals:1 | Slain by a water elemental

Illustrated notes

Levels and vault maps discovered:
D:1:      amcnicky_arrival_flooded_fountain, layout_rooms, minivault_19,
          minmay_shallow_snake_nest
D:2:      layout_basic, serial_forest, infiniplex_forest_lined_2,
          infiniplex_forest_clump_small, infiniplex_forest_clump_medium,
          infiniplex_forest_end_1, infiniplex_forest_lined_room_2,
          infiniplex_forest_lined_1, infiniplex_forest_clump_curved,
          minmay_misc_feat_nine_boxes, minmay_pentomino_r2
D:3:      layout_loops_corners, cheibrodos_sewer_entry_sluice,
          kennysheep_cross_bottleneck, uniq_robin
D:4:      layout_rooms, minmay_temple_entry_butterflies, st_stairs_4,
          kennysheep_generic_room_6
D:5:      layout_gridville
D:6:      layout_cave_pods, enter_ossuary_1, grunt_ministairs_7,
          due_unseen_surprise, uniq_blork_the_orc
D:7:      layout_basic, hangedman_abyss_or_decor_lesser_grid,
          kennysheep_windowed_goal
D:8:      layout_cave_pods, lair_entry_dummy, serial_rivers,
          chequers_serial_rivers_micro_d, chequers_serial_rivers_micro_a,
          chequers_serial_rivers_small_a, chequers_serial_rivers_micro_a,
          chequers_serial_rivers_large_b, chequers_serial_rivers_micro_b
Temple:   mainiacjoe_temple_trianglar_array
Lair:1:   layout_loops_ring, basic_altar, kennysheep_rathole
Lair:2:   layout_regular_city, minmay_shoals_entry_hut, serial_bayou_shore_b,
          grunt_megastairs_4
Shoals:1: dreamdust_from_the_deep, layout_shoals

Skill      XL: |  1  2  3  4  5  6  7  8  9 10 |
---------------+-------------------------------+-----
Maces & Flails | 3 4 5 |  5.2
Dodging        | 3 4 5 6 |  6.4
Fighting       | 3 4 5 6 |  6.7
Axes           | 1 3 6 8 9 |  9.7
Stealth        | 2 3 |  3.1
Throwing       | |  0.6

Action                   |  1- 3 |  4- 6 |  7- 9 | 10-12 || total
-------------------------+-------+-------+-------+-------++-------
Melee: Mace              |   116 |   167 |       |       ||   283
       Punch             |     4 |     2 |       |       ||     6
       Hand axe          |       |    38 |   221 |   131 ||   390
Throw: Stone             |       |     6 |       |    19 ||    25
       Dart              |       |     2 |       |       ||     2
Invok: Ancestor Life: Kn |       |       |     1 |       ||     1
       Recall Ancestor   |       |       |       |     1 ||     1
  Use: Scroll            |       |     8 |    11 |     4 ||    23
       Potion            |       |       |       |     1 ||     1
 Stab: Sleeping          |     1 |     2 |     1 |       ||     4
       Distracted        |       |       |     1 |     1 ||     2
Armor: Robe              |    51 |    92 |    29 |       ||   172
       Animal skin       |       |       |    27 |    12 ||    39
Dodge: Dodged            |    80 |   167 |   122 |    41 ||   410

Table legend: (Time is in decaauts)
 A = Elapsed time spent in this place.
 B = Non-inter-level travel time spent in this place.
 C = Inter-level travel time spent in this place.
 D = Time resting spent in this place.
 E = Time spent auto-exploring this place.
 F = Levels seen in this place.
 G = Mean time per level.
                   A        B        C        D        E       F      G
               +--------+--------+--------+--------+--------+-----+--------+
         Total |  11091 |  10689 |    402 |    487 |   5358 |  14 |  792.2 |
       Dungeon |   6669 |   6460 |    209 |     56 |   3908 |   8 |  833.6 |
        Temple |    446 |    401 |     45 |      0 |    369 |   1 |  446.0 |
          Lair |   2546 |   2398 |    148 |    233 |    741 |   2 | 1273.0 |
        Shoals |    163 |    163 |      0 |     20 |      0 |   1 |  163.0 |
         Sewer |    757 |    757 |      0 |     19 |    290 |   1 |  757.0 |
       Ossuary |    508 |    508 |      0 |    159 |     50 |   1 |  508.0 |
               +--------+--------+--------+--------+--------+-----+--------+

Top non-repeatable levels by time:
  Lair:2: 1378 daAuts
     D:8: 1204 daAuts
  Lair:1: 1168 daAuts
     D:3: 1085 daAuts
     D:2: 1053 daAuts
     D:6: 999 daAuts
   Sewer: 757 daAuts
     D:5: 631 daAuts
     D:1: 598 daAuts
     D:7: 554 daAuts
     D:4: 543 daAuts
 Ossuary: 508 daAuts
  Temple: 446 daAuts
Shoals:1: 163 daAuts
